 Dungeon Crawl Stone Soup version 0.28-a0-245-g639a1a48b9 (webtiles) character file.

Game seed: 183521182698614501

46 willcat the Sneak (level 3, 0/23 HPs)
             Began as a Kobold Delver on Aug 25, 2021.
             Slain by an iguana (4 damage)
             ... on level 5 of the Dungeon.
             The game lasted 00:00:42 (489 turns).

willcat the Sneak (Kobold Delver)                    Turns: 489, Time: 00:00:42

Health: 0/23       AC:  3    Str: 10    XL:     3   Next: 92%
Magic:  0/3        EV: 15    Int: 11    God:
Gold:   10         SH:  0    Dex: 22    Spells: 2/2 levels left

rFire   . . .      SeeInvis .   b - +5 trident of Joovemm {pain, rN+}
rCold   . . .      Faith    .   (shield currently unavailable)
rNeg    + . .      Spirit   +   h - +0 leather armour
rPois   .          Reflect  .   (no helmet)
rElec   .          Harm     .   (no cloak)
rCorr   .          Rampage  .   (no gloves)
Will    .....                   (no boots)
Stlth   +++++.....              m - amulet of guardian spirit
HPRegen 0.07/turn               k - +6 ring of dexterity
MPRegen 0.08/turn               (no ring)

@: hasted, very quick
A: small, no large weapons, nightstalker 3
a: no special abilities


You were on level 5 of the Dungeon.
You visited 1 branch of the dungeon, and saw 1 of its levels.

You collected 10 gold pieces.

Inventory:

Hand Weapons
 a - a +0 short sword
 b - the +5 trident of Joovemm (weapon) {pain, rN+}
   (You found it on level 5 of the Dungeon)

   In the hands of one skilled in necromantic magic, it inflicts extra damage on
   living creatures.
   rN:        It protects you from negative energy.
Armour
 h - a +0 leather armour (worn)
Jewellery
 k - a +6 ring of dexterity (left hand)
 m - an amulet of guardian spirit (around neck)
Wands
 g - a wand of digging (3)
Scrolls
 c - a scroll of fog
 d - 2 scrolls of magic mapping
 e - a scroll of fear
 l - 2 scrolls of immolation {unknown}
 n - a scroll of identify {unknown}
Potions
 i - a potion of resistance {unknown}
 j - a potion of lignification {unknown}


   Skills:
 - Level 3.2 Fighting
 - Level 2.6 Short Blades
 + Level 1.3 Polearms
 + Level 3.3 Dodging
 + Level 7.2 Stealth


You had 2 spell levels left.
You didn't know any spells.
Your spell library was empty.

Dungeon Overview and Level Annotations

Branches:
Dungeon (5/15)
 Temple: D:4-7

Altars:
Qazlal


Innate Abilities, Weirdness & Mutations

You are small and have problems with some larger weapons.
You are completely attuned to the shadows.


Message History

You hit the hound zombie.
The hound zombie is severely damaged.
The hound zombie misses you.
The hound zombie bites you but does no damage.
You hit the hound zombie.
You destroy the hound zombie!
No target in view!
No target in view!
You start resting.
Magic restored.
You start resting.
HP restored.
n - a scroll labelled XYTTUUMELU
Things that are here:
a +0 flail; an orc corpse
l - 2 scrolls labelled WUMEOVVITIW (gained 1)
An iguana comes into view.
An iguana is nearby!
An iguana is nearby!
An iguana is nearby!
The iguana hisses angrily.
a - a +0 short sword (weapon)
You have a feeling of ineptitude.
b - the +5 trident of Joovemm (weapon)
{pain, rN+} The iguana barely misses you.
You hit the iguana.
The iguana is lightly wounded.
The iguana closely misses you.
You hit the iguana.
The iguana is lightly wounded.
The iguana bites you! The iguana closely misses you.
You hit the iguana.
The iguana is heavily wounded.
The iguana bites you!
* * * LOW HITPOINT WARNING * * *
You are too injured to fight recklessly!
You are too injured to fight recklessly!
Unknown command.
You feel yourself speed up. The iguana bites you.
You die...

###.########.##..##
#...)........###...
#..........>.## ###.
..............#####.
#....................
...............######
...............# #.
...............# #.
...l@.........## #.
.............#######)
####..#####.##.......
##.......#..#####.
#.......#).....<.
.........รท.....
#........#####.
#....###.# #. #....#
#.# .


You could see an iguana.

Vanquished Creatures
  A hound (D:5)
  A hound zombie (D:5)
  An orc (D:5)
3 creatures vanquished.

Notes
Turn   | Place    | Note
-------+----------+-------------------------------------------
     0 | D:5      | willcat the Kobold Delver began the quest for the Orb.
     0 | D:5      | Reached XP level 1. HP: 14/14 MP: 1/1
    10 | D:5      | Identified the +5 trident of Joovemm {pain, rN+}
    23 | D:5      | Found a stormy altar of Qazlal.
   162 | D:5      | Noticed a hound
   169 | D:5      | Killed a hound
   170 | D:5      | Reached skill level 1 in Polearms
   170 | D:5      | Reached skill level 7 in Stealth
   170 | D:5      | Reached XP level 2. HP: 6/19 MP: 0/2
   170 | D:5      | Reached XP level 3. HP: 7/23 MP: 0/3
   489 | D:5      | Slain by an iguana

Illustrated notes

Levels and vault maps discovered:
D:5:      layout_rooms, nicolae_qazlal_eye_of_the_storm

Skill      XL: |  1 |
---------------+----+-----
Polearms       | 1 |  1.3
Dodging        | 3 |  3.3
Stealth        | 7 |  7.2
Fighting       | |  3.2
Short Blades   | |  2.6

Action                   || total
-------------------------++-------
Melee: Trident           ||    16
  Use: Potion            ||     1
Armor: Leather armour    ||     2
Dodge: Dodged            ||    11

Table legend: (Time is in decaauts)
 A = Elapsed time spent in this place.
 B = Non-inter-level travel time spent in this place.
 C = Inter-level travel time spent in this place.
 D = Time resting spent in this place.
 E = Time spent auto-exploring this place.
 F = Levels seen in this place.
 G = Mean time per level.
                   A        B        C        D        E       F      G
               +--------+--------+--------+--------+--------+-----+--------+
         Total |    491 |    491 |      0 |    274 |    151 |   1 |  491.0 |
       Dungeon |    491 |    491 |      0 |    274 |    151 |   1 |  491.0 |
               +--------+--------+--------+--------+--------+-----+--------+

Top non-repeatable levels by time:
     D:5: 491 daAuts
